[Event "Titled Tuesday Blitz June 20 Early 2023"]
[White "Larina, Maria"]
[Black "Abduzhaparov"]
[WhiteFideId "24113182"]
[WhiteElo "1848"]
[BlackElo "2376"]
[Result "1-0"]
[Round "8"]
[TimeControl "180+2"]
[Date "2023.06.20"]
[WhiteClock "0:00:02"]
[BlackClock "0:00:00"]
[Board "144"]

1. e4 d6 2. d4 Nf6 3. Nc3 e5 4. f3 Be7 5. Be3 O-O 6. Qd2 c6 7. O-O-O Nbd7 8. g4 b5 9. h4 Qa5 10. Kb1 b4 11. Nce2 d5 12. g5 Nh5 13. f4 exf4 14. Nxf4 Ng3 15. Qg2 Nxe4 16. Nge2 Rb8 17. Nc1 Nb6 18. Ka1 Na4 19. Bd2 Nac3 20. bxc3 Nxc3 21. Bxc3 bxc3 22. Nb3 Rxb3 23. cxb3 Ba3 24. Qc2 Bb2+ 25. Kb1 Qa3 26. Bd3 g6 27. h5 Bg4 28. Rdf1 Re8 29. hxg6 fxg6 30. Bxg6 Bc1 31. Bxh7+ Kf8 32. Nh5+ Ke7 33. Re1+ Kd6 34. Qg6+ Kc7 35. Qc2 1-0


[Site "https://www.chess.com"]

[Event "Titled Tuesday Blitz June 20 Early 2023"]
[White "Ziegler, Ari"]
[Black "Xavier_mompel"]
[WhiteFideId "1700987"]
[WhiteElo "2288"]
[BlackElo "2235"]
[Result "0-1"]
[Round "8"]
[TimeControl "180+2"]
[Date "2023.06.20"]
[WhiteClock "0:00:04"]
[BlackClock "0:00:13"]
[Board "145"]

1. e4 c5 2. Nf3 e6 3. d4 cxd4 4. Nxd4 Nc6 5. Nc3 Qc7 6. g3 a6 7. Bg2 Nf6 8. O-O Be7 9. Nb3 d6 10. a4 O-O 11. g4 h6 12. h4 Nh7 13. Bf4 Ne5 14. g5 hxg5 15. hxg5 Ng6 16. Be3 Bxg5 17. f4 Bf6 18. Qh5 Bxc3 19. bxc3 Nf6 20. Qg5 Nh7 21. Qh5 Qxc3 22. Rf3 Nf6 23. Qg5 Nxe4 24. Qh5 Nf6 25. Qg5 Qxc2 26. Nd4 Qb2 27. Raf1 Ne4 28. Qh5 Nf6 29. Qg5 Nd5 30. f5 Nxe3 31. fxg6 Qxd4 32. gxf7+ Rxf7 33. Rxf7 Nf5+ 34. Kh1 Kxf7 35. Bh3 Kg8 36. Rg1 Qe4+ 37. Bg2 Qh4+ 38. Qxh4 Nxh4 39. Bh3 Nf5 40. Rd1 Bd7 41. Kg1 Bc6 42. Rb1 Rf8 43. a5 Nd4 44. Rd1 Ne2+ 45. Kh2 Rf2+ 46. Bg2 Rxg2+ 47. Kh3 Nf4+ 48. Kh4 Re2 49. Rxd6 Kf7 50. Rd8 Kg6 51. Rh8 Rh2+ 52. Kg3 Rxh8 53. Kxf4 Rf8+ 54. Ke5 Rf5+ 55. Kd6 Rxa5 56. Kc7 Rb5 57. Kd6 a5 0-1


[Site "https://www.chess.com"]

[Event "Titled Tuesday Blitz June 20 Early 2023"]
[White "Lalanne, Pablo"]
[Black "Sariego Figueredo, Wilfredo"]
[WhiteFideId "112151"]
[BlackFideId "3500080"]
[WhiteElo "2120"]
[BlackElo "2309"]
[Result "0-1"]
[Round "8"]
[TimeControl "180+2"]
[Date "2023.06.20"]
[WhiteClock "0:00:28"]
[BlackClock "0:01:45"]
[Board "146"]

1. e4 c5 2. Nf3 a6 3. c4 Nc6 4. d4 cxd4 5. Nxd4 e5 6. Nf3 Nf6 7. Bd3 Bb4+ 8. Nbd2 d6 9. O-O Bg4 10. h3 Bh5 11. Nb3 O-O 12. Bg5 h6 13. Bh4 g5 14. Bg3 a5 15. a3 Bc5 16. Nxc5 dxc5 17. Re1 Nd7 18. Be2 f6 19. Nh2 Bf7 20. Ng4 Kg7 21. Ne3 Nd4 22. Bh5 Bxh5 23. Qxh5 Nb8 24. Rad1 Qe8 25. Qg4 h5 26. Nf5+ Kh7 0-1


[Site "https://www.chess.com"]

[Event "Titled Tuesday Blitz June 20 Early 2023"]
[White "sebastianmarinp"]
[Black "Hartikainen, Jarmo"]
[BlackFideId "503134"]
[WhiteElo "2369"]
[BlackElo "2159"]
[Result "1-0"]
[Round "8"]
[TimeControl "180+2"]
[Date "2023.06.20"]
[WhiteClock "0:00:07"]
[BlackClock "0:00:00"]
[Board "147"]

1. e4 c5 2. Nf3 Nc6 3. d4 cxd4 4. Nxd4 Nf6 5. Nc3 d6 6. Bg5 Bd7 7. Qd2 a6 8. O-O-O e6 9. f4 h6 10. Bxf6 Qxf6 11. Nb3 Qd8 12. Be2 Be7 13. Kb1 Qc7 14. f5 O-O-O 15. Bh5 Rhf8 16. Qf2 Kb8 17. Rhf1 Ne5 18. Be2 Nc4 19. Qd4 Rc8 20. Bxc4 Qxc4 21. Qxg7 b5 22. fxe6 Bxe6 23. Qd4 b4 24. Qb6+ Ka8 25. Nd5 Bd8 26. Qf2 Bc7 27. Ne7 Rb8 28. Nd5 Qc6 29. Nd4 Qb7 30. Nf5 Bxd5 31. Rxd5 Bb6 32. Qd2 Bc5 33. Rd1 Rbd8 34. Qd3 Ka7 35. g3 h5 36. b3 Rfe8 37. Nxd6 Bxd6 38. Rxd6 Rxd6 39. Qxd6 Rxe4 40. Qd7 Re7 41. Qxb7+ Kxb7 42. Rd5 h4 43. gxh4 Re1+ 44. Kb2 Re2 45. Rd4 a5 46. Rf4 Rxh2 47. Rxf7+ Kb6 48. Rf4 Kc5 49. Kc1 Kb5 50. Rc4 Rg2 51. Re4 Rh2 52. Rf4 Rg2 53. Re4 Rh2 54. Re5+ Kb6 55. h5 Ka6 56. Kb2 Kb6 57. a4 Ka6 58. Rg5 Kb6 59. Rg6+ Kc5 60. h6 Kd5 61. Ra6 Kd4 62. Rxa5 Rxh6 63. Rb5 Rh2 64. Rxb4+ Kc5 65. Rc4+ Kb6 66. Ka3 Ka5 67. Rc5+ Kb6 68. Rc8 1-0


[Site "https://www.chess.com"]

[Event "Titled Tuesday Blitz June 20 Early 2023"]
[White "arenal72"]
[Black "Brown, Raehanna"]
[BlackFideId "7402740"]
[WhiteElo "2348"]
[BlackElo "1655"]
[Result "0-1"]
[Round "8"]
[TimeControl "180+2"]
[Date "2023.06.20"]
[WhiteClock "0:00:21"]
[BlackClock "0:00:08"]
[Board "148"]

1. Nf3 Nf6 2. b3 g6 3. Bb2 Bg7 4. e3 O-O 5. c4 d6 6. Be2 c5 7. O-O b6 8. d4 Bb7 9. Nbd2 Nbd7 10. Rc1 e6 11. Qc2 Qc7 12. Rfd1 Rac8 13. h3 Rfd8 14. a3 cxd4 15. exd4 d5 16. Qb1 Qb8 17. a4 Ne4 18. Bd3 Qf4 19. Bxe4 dxe4 20. g3 Qf5 21. Nh4 Qxh3 22. Nxe4 Nf6 23. Nxf6+ Bxf6 24. d5 Bxh4 25. gxh4 exd5 26. Rd3 Qxh4 27. Rcd1 dxc4 28. Rxd8+ Rxd8 29. Rxd8+ Qxd8 30. bxc4 Qg5+ 31. Kf1 Qg4 32. Qd3 Bg2+ 33. Ke1 Qe4+ 34. Qxe4 Bxe4 35. Kd2 Bc6 36. a5 bxa5 37. Bd4 a6 38. Kc3 h5 39. Bf6 Kh7 40. f4 Kg8 41. Kd4 Kf8 42. Kc5 Bd7 43. Kb6 a4 44. c5 Ke8 45. c6 Bc8 46. Kc7 Bf5 47. Kb7 a3 48. Kxa6 a2 49. Kb7 h4 50. c7 h3 51. c8=Q+ Bxc8+ 52. Kxc8 h2 53. Kc7 h1=Q 54. Kd6 a1=Q 55. Bxa1 Qxa1 56. f5 gxf5 57. Kc7 Qc1+ 58. Kd6 f4 59. Ke5 f3 60. Kd6 f2 0-1


[Site "https://www.chess.com"]

[Event "Titled Tuesday Blitz June 20 Early 2023"]
[White "Baruch, Liam"]
[Black "Sovetbekova, Nurai"]
[WhiteFideId "14322064"]
[BlackFideId "13801910"]
[WhiteElo "2133"]
[BlackElo "1857"]
[Result "0-1"]
[Round "8"]
[TimeControl "180+2"]
[Date "2023.06.20"]
[WhiteClock "0:00:07"]
[BlackClock "0:00:09"]
[Board "149"]

1. e4 c5 2. Nf3 Nc6 3. d4 cxd4 4. Nxd4 Nf6 5. Nc3 e5 6. Ndb5 d6 7. Bg5 a6 8. Na3 b5 9. Nd5 Be7 10. Bxf6 Bxf6 11. c3 Bg5 12. Nc2 Rb8 13. Bd3 O-O 14. O-O Be6 15. Nce3 Ne7 16. Nxe7+ Qxe7 17. Bc2 Bxe3 18. fxe3 b4 19. cxb4 Rxb4 20. b3 Rc8 21. Qd2 Rb7 22. Rfd1 Rbc7 23. Bd3 Rc6 24. Qe2 Qa7 25. Kh1 h6 26. h3 Rc3 27. Qd2 a5 28. Rac1 Rxc1 29. Rxc1 Rxc1+ 30. Qxc1 a4 31. Bc4 Bxc4 32. bxc4 Qc5 33. Qc3 Qb6 34. Kh2 Qb1 35. Qa3 Qxe4 36. Qxd6 Qxc4 37. Qxe5 Qxa2 38. Qe8+ Kh7 39. Qe4+ g6 40. Qb7 Qb3 41. Qa8 a3 42. e4 a2 43. e5 Qb2 44. Qe8 Qb7 45. Qa4 Qb2 46. Qe8 Qf2 47. Qa4 Qe2 48. Qe8 Kg7 49. Qa4 Qxe5+ 50. g3 a1=Q 51. Qc2 Qab2 52. Qxb2 Qxb2+ 53. Kg1 Qc2 54. g4 Kf6 55. h4 Ke5 56. g5 h5 57. Kh1 Kf4 58. Kg1 Kg3 59. Kf1 Qf2# 0-1


[Site "https://www.chess.com"]

[Event "Titled Tuesday Blitz June 20 Early 2023"]
[White "Torres Dominguez, David"]
[Black "Brueckner, Thomas"]
[WhiteFideId "2220857"]
[BlackFideId "4600452"]
[WhiteElo "1999"]
[BlackElo "2319"]
[Result "1/2-1/2"]
[Round "8"]
[TimeControl "180+2"]
[Date "2023.06.20"]
[WhiteClock "0:00:14"]
[BlackClock "0:00:13"]
[Board "150"]

1. e4 c6 2. Nf3 d5 3. d3 g6 4. Be2 Bg7 5. O-O e5 6. Re1 Ne7 7. Nbd2 O-O 8. Bf1 Qc7 9. c3 c5 10. exd5 Nxd5 11. Nc4 Nc6 12. a4 b6 13. Qc2 h6 14. Bd2 Bg4 15. Be2 Rad8 16. Ne3 Be6 17. Rad1 Nf4 18. Bf1 Rd7 19. Nc4 Bg4 20. Bxf4 Bxf3 21. gxf3 exf4 22. Re4 Re7 23. Rde1 Rfe8 24. Rxe7 Rxe7 25. Rxe7 Qxe7 26. Qe2 Qxe2 27. Bxe2 Kf8 28. Kf1 Ke7 29. Bd1 Ne5 30. Nxe5 Bxe5 31. Ke2 Kd6 32. Kd2 Kc6 33. Be2 Bf6 34. Bf1 Bh4 35. Ke2 a6 36. Bh3 f5 37. Bf1 b5 38. axb5+ axb5 39. Ke1 Kd5 40. Be2 c4 41. dxc4+ bxc4 42. h3 Bf6 43. Kd2 Kc5 44. Kc2 Bh4 45. b3 cxb3+ 46. Kxb3 Bxf2 47. Kc2 Be3 48. Kd3 Bf2 49. Kc2 Be3 50. Kd3 Bf2 51. Kc2 1/2-1/2


[Site "https://www.chess.com"]

[Event "Titled Tuesday Blitz June 20 Early 2023"]
[White "Luna Javier, Edgar Froylan"]
[Black "Tsukerman, Julia"]
[WhiteFideId "5120101"]
[BlackFideId "2621649"]
[WhiteElo "2091"]
[BlackElo "1667"]
[Result "1-0"]
[Round "8"]
[TimeControl "180+2"]
[Date "2023.06.20"]
[WhiteClock "0:00:28"]
[BlackClock "0:00:00"]
[Board "151"]

1. d4 d5 2. Nf3 Nf6 3. g3 e6 4. Bg2 Be7 5. O-O O-O 6. c4 dxc4 7. Ne5 Nc6 8. Nxc6 bxc6 9. Na3 Bxa3 10. bxa3 Rb8 11. Qd2 Bd7 12. a4 Qe7 13. Qc3 Nd5 14. Bxd5 exd5 15. Ba3 Qxe2 16. Rfe1 Qg4 17. Bxf8 Rxf8 18. f3 Qg6 19. Rab1 h5 20. Rb7 h4 21. g4 Qd6 22. Re5 g6 23. Qb4 Qxb4 24. Rxb4 Rc8 25. Re7 Be8 26. Rb7 c5 27. Kf2 cxd4 28. a5 c6 29. a6 c3 30. Rb3 c2 31. Re1 c5 32. Rd3 1-0


[Site "https://www.chess.com"]

[Event "Titled Tuesday Blitz June 20 Early 2023"]
[White "KorolDimitriy75"]
[Black "Clawitter, Craig"]
[BlackFideId "2023105"]
[WhiteElo "2409"]
[BlackElo "2232"]
[Result "1/2-1/2"]
[Round "8"]
[TimeControl "180+2"]
[Date "2023.06.20"]
[WhiteClock "0:00:12"]
[BlackClock "0:00:09"]
[Board "153"]

1. d4 e6 2. c4 Nf6 3. Nc3 d5 4. Bg5 dxc4 5. e4 b5 6. Nxb5 c5 7. Nf3 Qa5+ 8. Nc3 Nxe4 9. Bd2 Nxd2 10. Qxd2 Nc6 11. Bxc4 cxd4 12. Nxd4 Bb7 13. O-O Rd8 14. Nxc6 Bxc6 15. Qf4 Bd6 16. Qg4 O-O 17. Rad1 Qe5 18. Qh3 g6 19. Bb3 Bc7 20. Rfe1 Rxd1 21. Rxd1 Rd8 22. Rxd8+ Bxd8 23. Qe3 Qxe3 24. fxe3 Bb6 25. Kf2 Kg7 26. g3 Kf6 27. Ke2 Ke5 28. Bc2 f5 29. Bd3 Kf6 30. b4 e5 31. a4 a5 32. bxa5 Bxa5 33. Bb5 Bxc3 34. Bxc6 Ke6 35. Be8 Kf6 36. Bd7 Ke7 37. Bc6 Kd6 38. Be8 Kc5 39. Bf7 Kd6 40. Bg8 h6 41. Bf7 g5 42. Be8 f4 43. exf4 exf4 44. gxf4 gxf4 45. Kf3 Ke5 46. h3 Bd2 47. Bb5 Bc1 48. Bc6 Bd2 49. Bb5 Ba5 50. Bc6 Bc7 51. Bb5 Kf6 52. Bc6 Kg5 53. Bd7 Kh4 54. Bc8 Kg5 55. Bd7 Kf6 56. Bc8 Ke7 57. Bf5 Kf6 58. Bd7 Ke7 59. Bc8 Kf6 60. Bd7 Ke7 61. Bc8 Kf6 62. Bd7 1/2-1/2


[Site "https://www.chess.com"]

[Event "Titled Tuesday Blitz June 20 Early 2023"]
[White "Kiseleva, Arina"]
[Black "Vega Gutierrez, Sabrina"]
[WhiteFideId "4164989"]
[BlackFideId "2219026"]
[WhiteElo "1701"]
[BlackElo "2209"]
[Result "0-1"]
[Round "8"]
[TimeControl "180+2"]
[Date "2023.06.20"]
[WhiteClock "0:00:00"]
[BlackClock "0:00:10"]
[Board "154"]

1. d4 d5 2. Nf3 Nf6 3. e3 Bg4 4. Nbd2 e6 5. h3 Bh5 6. Be2 c5 7. O-O Nc6 8. a3 cxd4 9. exd4 Bd6 10. c3 O-O 11. Re1 a6 12. a4 Qc7 13. Ne5 Bxe2 14. Qxe2 Bxe5 15. dxe5 Nd7 16. f4 Nc5 17. b4 Nd7 18. Nf3 Ne7 19. Bd2 Rfc8 20. Nd4 Qc4 21. Qg4 Nf8 22. h4 Qd3 23. Rad1 Rc4 24. h5 Nf5 25. Nxf5 exf5 26. Qg5 h6 27. Qe7 d4 28. Qxb7 Rac8 29. Qxa6 dxc3 30. Bc1 Qg3 31. a5 Ne6 32. Qb6 Nxf4 33. Bxf4 Qxf4 34. e6 fxe6 35. Qxe6+ Kh8 36. Rd7 c2 37. Qg6 Rg8 38. Rf1 Qe5 0-1


[Site "https://www.chess.com"]

[Event "Titled Tuesday Blitz June 20 Early 2023"]
[White "Ramirez Vido, Robert Yorisan"]
[Black "Thiel, Thomas"]
[WhiteFideId "3513823"]
[BlackFideId "4615964"]
[WhiteElo "2395"]
[BlackElo "2230"]
[Result "1-0"]
[Round "8"]
[TimeControl "180+2"]
[Date "2023.06.20"]
[WhiteClock "0:00:15"]
[BlackClock "0:00:00"]
[Board "155"]

1. e4 d5 2. Nf3 dxe4 3. Ng5 Nf6 4. Bc4 e6 5. Nc3 Nc6 6. Ngxe4 Nxe4 7. Nxe4 Be7 8. O-O O-O 9. c3 b6 10. d4 Bb7 11. Bd3 e5 12. d5 Nb8 13. c4 f5 14. Nc3 Nd7 15. Bd2 Bd6 16. Nb5 e4 17. Nxd6 cxd6 18. Bc2 Ne5 19. b3 b5 20. Bc3 bxc4 21. Bxe5 dxe5 22. bxc4 Qd6 23. Bb3 a5 24. Rc1 Qc5 25. Qd2 a4 26. Bd1 a3 27. Bb3 Rfc8 28. Qg5 Rf8 29. Rfd1 f4 30. Qxe5 Rae8 31. Qd4 Qxd4 32. Rxd4 e3 33. fxe3 fxe3 34. c5 e2 35. d6+ Kh8 36. Re1 Ba6 37. Bc4 Bxc4 38. Rxc4 Re6 39. d7 Ref6 40. Rcc1 R6f7 41. c6 1-0


[Site "https://www.chess.com"]

[Event "Titled Tuesday Blitz June 20 Early 2023"]
[White "KSho99"]
[Black "Shapiro, Daniel"]
[BlackFideId "2001780"]
[WhiteElo "2201"]
[BlackElo "2336"]
[Result "0-1"]
[Round "8"]
[TimeControl "180+2"]
[Date "2023.06.20"]
[WhiteClock "0:01:13"]
[BlackClock "0:00:53"]
[Board "156"]

1. d4 Nf6 2. Nc3 d5 3. Bf4 a6 4. e3 e6 5. Nf3 Bd6 6. Ne5 b5 7. Bd3 Bb7 8. Qf3 c5 9. g4 b4 10. dxc5 Bxe5 11. Bxe5 bxc3 12. Bxc3 h6 13. O-O-O Qe7 14. Be5 d4 15. e4 Qxc5 16. Bxd4 Qg5+ 17. Kb1 Qxg4 18. Bxf6 Qxf3 19. Bb5+ Nc6 0-1


[Site "https://www.chess.com"]

[Event "Titled Tuesday Blitz June 20 Early 2023"]
[White "Ovezdurdyyeva, Jemal"]
[Black "Gardezi, Arsal"]
[WhiteFideId "14001888"]
[BlackFideId "30949521"]
[WhiteElo "2069"]
[BlackElo "1906"]
[Result "1-0"]
[Round "8"]
[TimeControl "180+2"]
[Date "2023.06.20"]
[WhiteClock "0:00:15"]
[BlackClock "0:00:24"]
[Board "157"]

1. e4 e6 2. d4 d5 3. Nd2 Nc6 4. Ngf3 Nf6 5. e5 Nd7 6. Be2 f6 7. exf6 Nxf6 8. O-O Bd6 9. c4 O-O 10. c5 Bf4 11. Nb3 Bxc1 12. Qxc1 Ne4 13. Qe3 Qf6 14. Bd3 Qf4 15. Rfe1 Qxe3 16. Rxe3 Nf6 17. Ng5 e5 18. dxe5 Ng4 19. Bxh7+ Kh8 20. Re2 Ngxe5 21. Bc2 d4 22. Rd1 Bf5 23. Nxd4 Bxc2 24. Nxc2 Rad8 25. Rde1 Rf5 26. Ne6 Rd7 27. f3 Nd3 28. Rd1 Nxc5 29. Rxd7 Nxd7 30. Nxc7 Nde5 31. Nb5 Rf6 32. Ne3 Rg6 33. Kf2 a6 34. Nc3 Nd3+ 35. Kf1 Nf4 36. Rd2 Re6 37. Ng4 Nb4 38. Ne4 Rc6 39. a3 Nbd3 40. Nc3 Re6 41. Ne2 Rc6 42. Nxf4 Rc1+ 43. Ke2 Nxf4+ 44. Ke3 Ne6 45. Rd7 Kh7 46. Rxb7 Rc2 47. Nf6+ Kg6 48. Nd5 Rxg2 49. Nc7 Nc5 50. Rb6+ Kf5 51. Nd5 Nd7 52. Rxa6 Ne5 53. Ne7+ Kg5 54. f4+ Kg4 55. fxe5 Rxb2 56. Nd5 Kf5 57. e6 Rb1 58. e7 Ke5 59. e8=Q+ Kxd5 60. Qf7+ Ke5 61. Qxg7+ Kf5 62. Qh7+ Kg5 63. Qxb1 1-0


[Site "https://www.chess.com"]

[Event "Titled Tuesday Blitz June 20 Early 2023"]
[White "Cardozo Munar, Carlos Eduardo"]
[Black "Kev4444444444"]
[WhiteFideId "4409477"]
[WhiteElo "2067"]
[BlackElo "2179"]
[Result "1-0"]
[Round "8"]
[TimeControl "180+2"]
[Date "2023.06.20"]
[WhiteClock "0:00:16"]
[BlackClock "0:00:21"]
[Board "158"]

1. d4 g6 2. Nf3 Bg7 3. Bg5 Nf6 4. Nbd2 d5 5. e3 O-O 6. Bd3 c5 7. c3 Nc6 8. dxc5 h6 9. Bh4 a5 10. O-O Nd7 11. e4 Nxc5 12. Bc2 d4 13. cxd4 Nxd4 14. Nxd4 Bxd4 15. Nf3 Bxb2 16. Qxd8 Rxd8 17. Bxe7 Bxa1 18. Bxd8 Bc3 19. Bb6 Ne6 20. Rd1 Ra6 21. Be3 g5 22. Bb3 Bf6 23. h3 Rc6 24. Bd5 Rc2 25. Rc1 Rxc1+ 26. Bxc1 Nc7 27. Bb3 b5 28. Be3 a4 29. Bc2 Be6 30. Bb1 Na6 31. Nd4 Bc4 32. Nf5 Kh7 33. Nd6 Kg7 34. Ne8+ Kf8 35. Nxf6 Nb4 36. Bc5+ 1-0


[Site "https://www.chess.com"]

[Event "Titled Tuesday Blitz June 20 Early 2023"]
[White "Vaglio Munoz, Jaime"]
[Black "Nikulina, Alena"]
[WhiteFideId "6500145"]
[BlackFideId "4172051"]
[WhiteElo "2199"]
[BlackElo "1608"]
[Result "1-0"]
[Round "8"]
[TimeControl "180+2"]
[Date "2023.06.20"]
[WhiteClock "0:00:59"]
[BlackClock "0:00:16"]
[Board "159"]

1. e4 e5 2. Nc3 Nc6 3. Bc4 Nf6 4. d3 Bc5 5. Bg5 h6 6. Bh4 d6 7. h3 g5 8. Bg3 Qe7 9. a3 Be6 10. b4 Bd4 11. Nge2 O-O-O 12. Bb5 Bxc3+ 13. Nxc3 Nd4 14. Ba4 h5 15. h4 g4 16. Ne2 Nc6 17. c4 Nd7 18. b5 Nd4 19. Nxd4 exd4 20. O-O f5 21. exf5 Bxf5 22. Re1 Qh7 23. Bc2 Nc5 24. a4 Nxd3 25. Bxd3 Bxd3 26. Rc1 Bf5 27. Qxd4 Rhe8 28. Qxa7 Be4 29. c5 d5 30. c6 bxc6 31. bxc6 Rd6 32. Qa8# 1-0


[Site "https://www.chess.com"]

[Event "Titled Tuesday Blitz June 20 Early 2023"]
[White "Vifleemskaia, Svetlana"]
[Black "le-castor-faineant"]
[WhiteFideId "4129490"]
[WhiteElo "1930"]
[BlackElo "2158"]
[Result "1-0"]
[Round "8"]
[TimeControl "180+2"]
[Date "2023.06.20"]
[WhiteClock "0:01:03"]
[BlackClock "0:01:48"]
[Board "160"]

1. d4 Nf6 2. c4 g6 3. Nc3 Bg7 4. e4 O-O 5. Nge2 d6 6. Ng3 e5 7. d5 Nbd7 8. Bg5 h6 9. Be3 Nh7 10. Qd2 a5 11. Be2 h5 12. h4 b6 13. O-O-O Nc5 14. Bh6 f5 15. Bxg7 Kxg7 16. exf5 Bxf5 17. Nxf5+ Rxf5 18. Qe3 Qf6 19. f3 Re8 20. g4 Rf4 21. gxh5 gxh5 22. Rdg1+ Kh8 23. Ne4 Nxe4 24. fxe4 Rxh4 25. Bxh5 Rxh1 26. Rxh1 Re7 27. Bg4 Qf4 28. Qxf4 exf4 29. Bf5 Kg8 30. Rh6 Ng5 31. Rf6 Nxe4 32. Be6+ Kg7 33. Rxf4 Nc5 34. Bf5 Rf7 35. Kd2 Kf6 36. Be6+ 1-0


[Site "https://www.chess.com"]

[Event "Titled Tuesday Blitz June 20 Early 2023"]
[White "Semenova, Alina"]
[Black "Martin, Lewis"]
[WhiteFideId "24113875"]
[BlackFideId "410551"]
[WhiteElo "1833"]
[BlackElo "2145"]
[Result "0-1"]
[Round "8"]
[TimeControl "180+2"]
[Date "2023.06.20"]
[WhiteClock "0:00:00"]
[BlackClock "0:00:42"]
[Board "161"]

1. e4 c5 2. Nf3 d6 3. d4 cxd4 4. Nxd4 Nf6 5. Nc3 a6 6. f3 e5 7. Nb3 Be6 8. Be3 Be7 9. Qd2 O-O 10. O-O-O Nbd7 11. g4 Nc5 12. g5 Nh5 13. h4 b5 14. Nd5 Bxd5 15. exd5 Nxb3+ 16. cxb3 Rc8+ 17. Kb1 g6 18. Bh3 Ra8 19. Bg4 Ng7 20. h5 f5 21. gxf6 Rxf6 22. h6 Nf5 23. Bg5 Rf8 24. Bxe7 Qxe7 25. Rhg1 Nd4 26. Qd3 Qf6 27. Rdf1 Kh8 28. f4 exf4 29. Rf2 Rae8 30. Rgf1 g5 31. Rh1 Qg6 32. Qxg6 hxg6 33. Kc1 Re5 0-1


[Site "https://www.chess.com"]

[Event "Titled Tuesday Blitz June 20 Early 2023"]
[White "Goughfather"]
[Black "Mayaud, Raphael"]
[BlackFideId "627151"]
[WhiteElo "2024"]
[BlackElo "2191"]
[Result "0-1"]
[Round "8"]
[TimeControl "180+2"]
[Date "2023.06.20"]
[WhiteClock "0:00:02"]
[BlackClock "0:00:32"]
[Board "162"]

1. d4 Nf6 2. Nc3 d5 3. Bf4 c6 4. e3 Bf5 5. Nf3 e6 6. Ne5 h6 7. g4 Bh7 8. Bd3 Bxd3 9. Qxd3 Nbd7 10. f3 Nxe5 11. dxe5 Nd7 12. Bg3 Bb4 13. a3 Qa5 14. O-O-O Bxc3 15. Qxc3 Qxc3 16. bxc3 Nb6 17. Rhe1 Nc4 18. a4 a5 19. f4 Nb6 20. Kd2 Nxa4 21. Ra1 Nb6 22. Reb1 Nc4+ 23. Kd3 b5 24. e4 dxe4+ 25. Kxe4 Nd2+ 26. Kd4 Nxb1 27. Rxb1 Kd7 28. Kc5 Kc7 29. c4 Rhb8 30. Rd1 b4 31. Rd6 Ra6 32. f5 a4 33. fxe6 Ra5+ 34. Kd4 fxe6 35. Rxe6 Rd8+ 36. Ke4 a3 37. Re7+ Kb6 38. Bf2+ c5 39. Re6+ Kc7 0-1


[Site "https://www.chess.com"]

[Event "Titled Tuesday Blitz June 20 Early 2023"]
[White "Simonovic, Miroslav"]
[Black "Sailer, Mike"]
[WhiteFideId "919152"]
[BlackFideId "2012901"]
[WhiteElo "2075"]
[BlackElo "2109"]
[Result "1-0"]
[Round "8"]
[TimeControl "180+2"]
[Date "2023.06.20"]
[WhiteClock "0:00:36"]
[BlackClock "0:00:27"]
[Board "163"]

1. d4 d5 2. Bg5 Nf6 3. Bxf6 exf6 4. e3 Bd6 5. c4 dxc4 6. Bxc4 O-O 7. Nc3 f5 8. Nge2 c6 9. g3 Nd7 10. O-O Nf6 11. a3 a5 12. Qc2 Qe7 13. Rfd1 Be6 14. d5 Nxd5 15. Nxd5 cxd5 16. Bxd5 Rfc8 17. Qd3 Be5 18. Rab1 Bxd5 19. Qxd5 Rc2 20. Nd4 Bxd4 21. Rxd4 Rac8 22. Qxf5 g6 23. Qd7 Qf6 24. Rf4 Qe6 25. Qxb7 Qa2 26. Rf1 Qxb2 27. Qxf7+ Kh8 28. Rd1 Rc1 29. Rxc1 Qxc1+ 30. Kg2 Qc6+ 31. e4 Qc3 32. Qe7 Qc7 33. Rf8+ Rxf8 34. Qxf8# 1-0


[Site "https://www.chess.com"]

[Event "Titled Tuesday Blitz June 20 Early 2023"]
[White "Zaichenko, Daria"]
[Black "luachess1"]
[WhiteFideId "4197453"]
[WhiteElo "2039"]
[BlackElo "1661"]
[Result "0-1"]
[Round "8"]
[TimeControl "180+2"]
[Date "2023.06.20"]
[WhiteClock "0:00:00"]
[BlackClock "0:00:18"]
[Board "164"]

1. e4 c5 2. Nf3 Nc6 3. d4 cxd4 4. Nxd4 Nf6 5. Nc3 d6 6. Be3 g6 7. Be2 Bg7 8. O-O O-O 9. f4 e6 10. Ndb5 d5 11. exd5 Nxd5 12. Nxd5 exd5 13. c3 a6 14. Nd4 Nxd4 15. Bxd4 Be6 16. Bxg7 Kxg7 17. Qd4+ Kg8 18. Rad1 Qa5 19. a3 Rad8 20. Rd3 Bf5 21. Re3 Rfe8 22. Bf3 Be4 23. Rfe1 f5 24. c4 Qc7 25. c5 Qxf4 26. b4 Qe5 27. Qd2 d4 28. R3e2 Qd5 29. Qg5 d3 30. Re3 Qd4 31. Kh1 d2 32. Rd1 Bc2 0-1


[Site "https://www.chess.com"]

[Event "Titled Tuesday Blitz June 20 Early 2023"]
[White "Georg, Heinz"]
[Black "Skiadopoulos, Nikolaos"]
[WhiteFideId "4607295"]
[BlackFideId "4200772"]
[WhiteElo "2274"]
[BlackElo "2022"]
[Result "1-0"]
[Round "8"]
[TimeControl "180+2"]
[Date "2023.06.20"]
[WhiteClock "0:00:34"]
[BlackClock "0:00:00"]
[Board "165"]

1. e4 c5 2. Nf3 Nc6 3. Bb5 g6 4. c3 Bg7 5. O-O Qc7 6. d4 cxd4 7. cxd4 a6 8. Bxc6 dxc6 9. h3 Nf6 10. Nc3 O-O 11. Bg5 h6 12. Bh4 g5 13. Bg3 Qb6 14. Qd2 Be6 15. b3 Rad8 16. Rad1 Nh5 17. Be5 f6 18. Bh2 f5 19. exf5 Bxf5 20. Ne5 Nf4 21. Bxf4 gxf4 22. Rfe1 Bh7 23. Nf3 Qa5 24. Rxe7 c5 25. Rxb7 Bxd4 26. Nxd4 Rxd4 27. Qc1 Rxd1+ 28. Nxd1 Qe1+ 29. Kh2 Be4 30. Qc4+ Kh8 31. Re7 Qxd1 32. Rxe4 Qd6 33. Qc3+ Kh7 34. Qe5 1-0


[Site "https://www.chess.com"]

[Event "Titled Tuesday Blitz June 20 Early 2023"]
[White "Cardenas Carbajal, Nilson"]
[Black "Rodriguez Santiago, Jaime"]
[WhiteFideId "8401128"]
[BlackFideId "3100898"]
[WhiteElo "1972"]
[BlackElo "2025"]
[Result "0-1"]
[Round "8"]
[TimeControl "180+2"]
[Date "2023.06.20"]
[WhiteClock "0:00:00"]
[BlackClock "0:00:12"]
[Board "166"]

1. e4 c6 2. d4 d5 3. Nd2 dxe4 4. Nxe4 Nf6 5. Nxf6+ exf6 6. c3 Bd6 7. Bd3 O-O 8. Qc2 Re8+ 9. Ne2 h5 10. Be3 Nd7 11. h3 Nf8 12. O-O-O Be6 13. Rhg1 b5 14. g4 h4 15. g5 fxg5 16. Bxg5 Be7 17. Bh6 Bf6 18. Qd2 Kh8 19. Bg5 Bxg5 20. Rxg5 g6 21. Rh5+ gxh5 22. Qh6+ Kg8 23. Rg1+ Bg4 24. hxg4 Re6 25. gxh5+ Ng6 26. hxg6 fxg6 27. Bxg6 Qf6 28. Bh7+ Kf7 29. Bg6+ Ke7 30. Nf4 Rh8 31. Qg5 Qxg5 32. Rxg5 Rf6 33. Nd3 Rg8 34. Ne5 Ke6 35. f4 h3 36. f5+ Kd5 37. Rh5 Ke4 38. Rxh3 c5 39. Rh4+ Kd5 40. Nd3 cxd4 41. Nf4+ Kc4 42. cxd4 Kxd4 43. Ne6+ Ke5 44. Nc5 Rc8 45. b4 a5 46. Kb2 axb4 47. Nb3 Rfc6 48. Rh2 Kf6 49. Re2 Rc3 50. Re4 Kg7 51. Re7+ Kf6 52. Re6+ Kg5 53. Re7 Rc2+ 54. Kb1 R8c3 0-1


[Site "https://www.chess.com"]

[Event "Titled Tuesday Blitz June 20 Early 2023"]
[White "Alberto, Manuel"]
[Black "Butti, Enrique"]
[WhiteFideId "10100148"]
[BlackFideId "3700470"]
[WhiteElo "2166"]
[BlackElo "2080"]
[Result "0-1"]
[Round "8"]
[TimeControl "180+2"]
[Date "2023.06.20"]
[WhiteClock "0:01:04"]
[BlackClock "0:00:47"]
[Board "167"]

1. e4 c5 2. Nf3 d6 3. d4 cxd4 4. Qxd4 Bd7 5. Nc3 Nc6 6. Qd3 g6 7. b3 Bg7 8. Bb2 Bg4 9. a3 Nf6 10. h3 Bxf3 11. gxf3 Nh5 12. Qe3 Nd4 13. O-O-O e5 14. Nd5 Rc8 15. Bxd4 exd4 16. Bb5+ Kf8 17. Qd2 Rc5 18. Bd3 Rxd5 19. exd5 Be5 20. Kb2 Nf4 21. Qb4 b6 22. Qb5 Kg7 23. h4 h5 24. Rde1 Ng2 25. Rxe5 dxe5 26. Qc6 Qf6 27. d6 Rd8 28. Rg1 Rxd6 29. Qc7 Nf4 30. Be4 Re6 31. Qxa7 Qxh4 32. Rg3 Qh2 33. Qc7 Qxf2 34. Rg5 d3 35. Rxe5 Qxc2+ 36. Qxc2 dxc2 37. Rxe6 fxe6 38. Kxc2 h4 39. Kd2 h3 40. Ke1 h2 0-1


[Site "https://www.chess.com"]